 Dungeon Crawl Stone Soup version 0.23.2 (webtiles) character file.

Game seed: 15710503958116372432

2687 Borgoz the Sneak (level 9, -1/70 (71) HPs)
             Began as a Ghoul Enchanter on Apr 4, 2019.
             Slain by a centaur (4 damage)
             ... on level 6 of the Dungeon.
             The game lasted 00:18:20 (7793 turns).

Borgoz the Sneak (Ghoul Enchanter)                  Turns: 7793, Time: 00:18:21

HP:   -1/70 (71)    AC:  7    Str: 12    XL:     9   Next: 64%
MP:   10/10         EV: 12    Int: 15    God:
Gold: 346           SH:  0    Dex: 12    Spells: 8/11 levels left

rFire    . . .     SeeInvis +   e - +4 dagger (drain)
rCold    + . .     Gourm    .   (no shield)
rNeg     + + +     Faith    .   j - +1 ring mail
rPois    ∞         Spirit   .   (no helmet)
rElec    .         Reflect  .   (no cloak)
rCorr    .         Harm     .   (no gloves)
MR       .....                  (no boots)
Stlth    ++........             (no amulet)
HPRegen  0.00/turn              l - ring of see invisible
MPRegen  0.12/turn              (no ring)

@: brilliant, rotting
A: rotting body, claws 1, carnivore, cold resistance 1, negative energy
resistance 3, inhibited regeneration, torment resistance, unbreathing
a: no special abilities


You were on level 6 of the Dungeon.
You were not hungry.

You visited 1 branch of the dungeon, and saw 6 of its levels.

You collected 346 gold pieces.

Inventory:

Hand Weapons
 e - a +4 dagger of draining (weapon)
Missiles
 h - 4 poisoned tomahawks
 r - a throwing net (quivered)
Armour
 j - a +1 ring mail (worn)
Jewellery
 l - a ring of see invisible (left claw)
Wands
 g - a wand of polymorph (4)
 m - a wand of clouds (5)
Scrolls
 a - 3 scrolls of immolation {unknown}
 f - a scroll of teleportation
 i - a scroll of magic mapping
 p - a scroll of amnesia
 q - 4 scrolls of remove curse
 s - 2 scrolls of enchant armour
 u - 2 scrolls of identify
 v - a scroll of blinking {unknown}
Potions
 b - a potion of flight
 c - 2 potions of haste
 k - 2 potions of invisibility
 n - 2 potions of brilliance
 o - a potion of berserk rage {unknown}
 t - a potion of curing
Comestibles
 d - 10 rations
 w - 5 chunks of flesh


   Skills:
 + Level 4.2 Fighting
 * Level 5.2 Short Blades
 * Level 5.0 Armour
 * Level 5.3 Dodging
 + Level 5.6 Stealth
 - Level 1.8 Spellcasting
 + Level 4.0 Hexes
 - Level 3.0 Ice Magic
 + Level 2.9 Evocations


You had 8 spell levels left.
You knew the following spells:

 Your Spells              Type           Power        Failure   Level  Hunger
a - Corona                Hex            ###....      1%          1    ##.....
b - Ensorcelled Hibernat  Hex/Ice        ###...       2%          2    ###....

Your spell library contained the following spells:

 Spells                   Type           Power        Failure   Level  Hunger
 Confuse                  Hex            ###.....     3%          3    ####...
 Tukima's Dance           Hex            ###.....     3%          3    ####...
 Dazzling Spray           Conj/Hex       ###...       8%          3    ####...


Dungeon Overview and Level Annotations

Branches:
Dungeon (6/15)
 Temple: D:4-7

Altars:
Cheibriados
Dithmenos
Kikubaaqudgha
Nemelex Xobeh
Uskayaw
Vehumet
Wu Jian
Yredelemnul
Zin

Shops:
D:4 ?=   D:6 %


Innate Abilities, Weirdness & Mutations

Your body is rotting away.
You thrive on raw meat.
You are immune to poison.
You have sharp fingernails.
You are carnivorous and can eat meat at any time.
Your flesh is cold resistant. (rC+)
You are immune to negative energy. (rN+++)
You do not regenerate when monsters are visible.
You are immune to unholy pain and torment.
You can survive without breathing.


Message History

The orc wizard seems to speed up.
The centaur shoots an arrow.
The arrow hits you.
Items here: ( )) [ † an arrow; a +0 whip; a +0 leather armour; a +0 hand axe; an orc corpse The centaur shoots an arrow.
The arrow hits you!
You see here an arrow.
The centaur shoots an arrow.
The arrow hits you!
* * * LOW HITPOINT WARNING * * *
The orc wizard casts a spell.
The orc wizard blinks!
The centaur shoots an arrow.
The arrow completely misses you.
You see here an arrow.
The centaur unwields a +0 shortbow.
The centaur hits you.
* * * LOW HITPOINT WARNING * * *
It was a potion of brilliance.
You feel clever all of a sudden. The centaur hits you.
* * * LOW HITPOINT WARNING * * *
You feel better. The centaur hits you.
You die...

.##### ....# .....###
#.#.# # ....... #.#(#.#
...#.. #.#[#.# ....# .#
#)(...# ....#
#.#..#.#.#(####... ....#
#.#..#....(....... ....#
#.#..###.#(######.
#...###.#....#.#@#
#.#........#.#.#c#
#.#........#.#.#.#
#.#........#.#.#.###
..##.......#.#.#...#
........)...)...>#......
>.###.##.....#.###..####
### #..#.....#.# #8. #
##.#.....#.# ...


You could see a centaur.

Vanquished Creatures
  A two-headed ogre (D:5)
  A water moccasin (D:5)
  2 orc warriors
  2 sky beasts
  2 ice beasts (D:5)
  A phantom (D:6)
  A black bear (D:5)
  2 ogres
  Blork the orc (D:4)
  A bullfrog (D:6)
  A scorpion (D:6)
  A wyvern skeleton (D:6)
  2 hounds
  A jelly (D:4)
  4 orc priests
  8 orc wizards
  An iguana (D:6)
  4 worker ants
  A killer bee zombie (D:6)
  9 adders
  2 shadow imps (D:5)
  An ooze (D:3)
  2 adder skeletons
  5 worms (D:2)
  3 dart slugs
  4 leopard geckos
  23 orcs
  A ball python (D:1)
  5 bats
  7 giant cockroaches
  10 goblins
  8 hobgoblins
  3 jackals (D:1)
  5 quokkas
  10 frilled lizards
  10 kobolds
  9 rats
  A plant (D:3)
155 creatures vanquished.

Notes
Turn   | Place    | Note
-------+----------+-------------------------------------------
     0 | D:1      | Borgoz the Ghoul Enchanter began the quest for the Orb.
     0 | D:1      | Reached XP level 1. HP: 14/14 MP: 2/2
    30 | D:1      | Reached skill level 1 in Short Blades
   176 | D:1      | Reached XP level 2. HP: 17/20 MP: 3/3
   186 | D:1      | Learned a level 2 spell: Ensorcelled Hibernation
   907 | D:1      | Reached XP level 3. HP: 27/27 MP: 4/4
  1189 | D:2      | Found a sparkling altar of Nemelex Xobeh.
  1189 | D:2      | Found a radiant altar of Vehumet.
  1190 | D:2      | Found a glowing silver altar of Zin.
  1402 | D:2      | Reached skill level 1 in Armour
  1526 | D:2      | Reached skill level 1 in Fighting
  1877 | D:2      | Reached XP level 4. HP: 19/35 MP: 5/5
  2932 | D:2      | Found a basalt altar of Yredelemnul.
  3025 | D:3      | Reached skill level 1 in Ice Magic
  3037 | D:3      | Reached XP level 5. HP: 36/40 MP: 6/6
  3679 | D:3      | Found a hide-covered altar of Uskayaw.
  3856 | D:3      | Found an ornate altar of the Wu Jian Council.
  4230 | D:3      | Reached XP level 6. HP: 23/48 MP: 7/7
  4439 | D:4      | Noticed Blork the orc
  4448 | D:4      | Killed Blork the orc
  4568 | D:4      | Reached XP level 7. HP: 34/55 MP: 8/8
  4625 | D:4      | Reached skill level 1 in Evocations
  5258 | D:4      | Found Isux's Magic Scroll Shop.
  5416 | D:4      | Found Kutzood's Jewellery Boutique.
  5680 | D:5      | Entered Level 5 of the Dungeon
  5680 | D:5      | Noticed a two-headed ogre
  5688 | D:5      | Killed a two-headed ogre
  5688 | D:5      | Reached XP level 8. HP: 63/63 MP: 9/9
  5921 | D:5      | Reached skill level 5 in Stealth
  5987 | D:5      | Reached XP level 9. HP: 66/70 MP: 10/10
  6248 | D:5      | Found a shadowy altar of Dithmenos.
  7056 | D:6      | Reached skill level 5 in Dodging
  7402 | D:6      | Found Kawann's Food Shop.
  7625 | D:6      | Reached skill level 5 in Short Blades
  7645 | D:6      | Found a snail-covered altar of Cheibriados.
  7714 | D:6      | Found an ancient bone altar of Kikubaaqudgha.
  7758 | D:6      | Reached skill level 5 in Armour
  7792 | D:6      | HP: 3/65 [centaur (6)]
  7793 | D:6      | Slain by a centaur

Skill      XL: |  1  2  3  4  5  6  7  8  9 |
---------------+----------------------------+-----
Short Blades   | 1 2 4 5 |  5.2
Dodging        | 2 3 4 5 |  5.3
Armour         | 1 2 3 4 5 |  5.0
Fighting       | 1 2 3 4 |  4.2
Ice Magic      | 1 3 |  3.0
Stealth        | 4 5 |  5.6
Hexes          | 3 4 |  4.0
Evocations     | 1 2 |  2.9
Spellcasting   | |  1.8

Action                   |  1- 3 |  4- 6 |  7- 9 || total
-------------------------+-------+-------+-------++-------
Melee: Dagger            |   139 |   329 |   342 ||   810
Throw: Throwing net      |       |     2 |     5 ||     7
       Tomahawk          |       |       |     1 ||     1
 Cast: Ensorcelled Hiber |       |     6 |       ||     6
Evoke: Wand              |       |     1 |     1 ||     2
  Use: Scroll            |       |    12 |       ||    12
       Potion            |       |     3 |     8 ||    11
 Stab: Sleeping          |     6 |     8 |     3 ||    17
       Confused          |       |     1 |       ||     1
       Held in net/web   |       |     1 |     2 ||     3
       Invisible         |       |       |     7 ||     7
       Distracted        |       |       |     1 ||     1
  Eat: Chunk             |     3 |    19 |    10 ||    32
       Ration            |       |       |     1 ||     1
Armor: Robe              |    21 |       |       ||    21
       Ring mail         |    13 |    79 |   113 ||   205
Dodge: Dodged            |    81 |   139 |   165 ||   385
